[Event "RUS-ch Blitz 2021"]
[Site "Sochi"]
[Date "2021.10.11"]
[Round "1.2"]
[White "Eremeev, Mikhail"]
[Black "Dreev, Aleksey"]
[Result "0-1"]
[ECO "B13"]
[WhiteElo "2127"]
[BlackElo "2635"]
[Annotator "ChessBase"]
[PlyCount "63"]
[EventDate "2021.10.11"]
[EventType "blitz"]
[EventCountry "RUS"]
[SourceTitle "playchess.com"]
[Source "ChessBase"]
[SourceQuality "1"]
[TimeControl "180+2"]

1. d4 d5 2. Bf4 c5 3. e3 cxd4 4. exd4 Nc6 5. Nf3 Bg4 6. Nbd2 e6 7. c3 Bd6 8. Bxd6 Qxd6 9. Be2 Nge7 10. O-O O-O 11. Re1 Ng6 12. Ne5 Bxe2 13.
Qxe2 Ncxe5 14. dxe5 Qb6 15. Nb3 a5 16. Nd4 Rac8 17. a3 Rc4 18.
g3 Rfc8 19. Rad1 Ne7 20. Rd2 Nc6 21. Red1 Qc7 22. f4 Qb6 23. Kg2 Ra4 24. f5 Nxd4 25. Rxd4 Rxd4 26. Rxd4 exf5 27. Kh3 Qe6 28. Qf3 f4+ 29. g4 h5 30. Rxf4 Rc7 31. Rd4 hxg4+ 32. Qxg4 0-1

[Event "RUS-ch Blitz 2021"]
[Site "Sochi"]
[Date "2021.10.11"]
[Round "1.3"]
[White "Sarana, Alexey"]
[Black "Esipenko, Aleksandr"]
[Result "1-0"]
[ECO "D02"]
[WhiteElo "2649"]
[BlackElo "2087"]
[Annotator "ChessBase"]
[PlyCount "61"]
[EventDate "2021.10.11"]
[EventType "blitz"]
[EventCountry "RUS"]
[SourceTitle "playchess.com"]
[Source "ChessBase"]
[SourceQuality "1"]
[TimeControl "180+2"]

1. Nf3 d5 2. d4 Nf6 3. c4 e6 4. g3 b6 5. cxd5 exd5 6. Bg2 Bb7 7. Nc3 Bd6 8. O-O O-O 9. Ne5 Nbd7 10. Bf4 Re8 11. Nxd7 Qxd7 12. Bxd6 Qxd6 13. Qc2 a6 14. Rac1 Re7 15. e3 Ne4 16. Ne2 Rae8 17. Nf4 a5 18. Rfe1 Ba6 19. Qc6 Qxc6 20. Rxc6 Bb7 21. Rc2 f6 22. Rec1 c6 23. h4 Kf7 24. a3 Nd6 25. Rxc6 Bxc6 26. Rxc6 Nc8 27. Bxd5+ Kf8 28. Ne6+ Kf7 29. Nc7+ Kg6 30. Nxe8 Rxe8 31. Be6 1-0

[Event "RUS-ch Blitz 2021"]
[Site "Sochi"]
[Date "2021.10.11"]
[Round "1.4"]
[White "Gavrilov, Maxim"]
[Black "Lysyj, Igor"]
[Result "0-1"]
[ECO "B14"]
[WhiteElo "2070"]
[BlackElo "2603"]
[Annotator "ChessBase"]
[PlyCount "45"]
[EventDate "2021.10.11"]
[EventType "blitz"]
[EventCountry "RUS"]
[SourceTitle "playchess.com"]
[Source "ChessBase"]
[SourceQuality "1"]
[TimeControl "180+2"]

1. d4 Nf6 2. c4 e6 3. Nc3 Bb4 4. Nf3 O-O 5. Bg5 c5 6. e3 cxd4 7. exd4 d5 8. cxd5 exd5 9. Be2 h6 10. Bh4 g5 11. Bg3 Ne4 12. Rc1 Nc6 13.
O-O Be6 14. Ne5 Nxg3 15. fxg3 Nxe5 16. dxe5 Qb6+ 17. Kh1 Rad8 18. Bd3 Kg7 19. Qh5 Be7 20. Ne2 Qe3 21. Rf3 Qxe5 22. Rcf1 f5 23. R3f2 0-1

[Event "RUS-ch Blitz 2021"]
[Site "Sochi"]
[Date "2021.10.11"]
[Round "1.5"]
[White "Sjugirov, Sanan"]
[Black "Mochalin, Faddey"]
[Result "1-0"]
[ECO "A07"]
[WhiteElo "2663"]
[BlackElo "2076"]
[Annotator "ChessBase"]
[PlyCount "85"]
[EventDate "2021.10.11"]
[EventType "blitz"]
[EventCountry "RUS"]
[SourceTitle "playchess.com"]
[Source "ChessBase"]
[SourceQuality "1"]
[TimeControl "180+2"]

1. Nf3 d5 2. g3 c6 3. Bg2 Bg4 4. O-O Nd7 5. d4 e6 6. c4 Be7 7. h3 Bh5 8.
cxd5 exd5 9. Qb3 Qb6 10. Qe3 Ngf6 11. Nh4 Bg6 12. Nc3 Kf8 13. Nxg6+ hxg6 14. Qd3 Rd8 15. Bf4 Kg8 16. Rab1 Nf8 17. b4 Ne6 18. Be5 a6 19. Bxf6 gxf6 20. e3 f5 21. a4 Bxb4 22. Na2 a5 23. Nxb4 axb4 24. Qd2 Rd7 25. Rxb4 Qa7 26. Rfb1 Kg7 27. h4 Ra8 28. Qb2 Rb8 29. Bf1 Qa5 30. Qc2 Qa7 31. Rb6 Ra8 32. R6b4 Rb8 33. Qc3 Qa5 34. Qb3 Qa7 35. Be2 Rc7 36. Rb6 Nd8 37. Qb4 Rd7 38. a5 Ra8 39. a6 bxa6 40. Rxa6 Qb7 41. Qxb7 Rxb7 42. Rxb7 Rxa6 43. Bxa6 1-0

[Event "RUS-ch Blitz 2021"]
[Site "Sochi"]
[Date "2021.10.11"]
[Round "1.6"]
[White "Gimadutdinov, Ilnur"]
[Black "Tsydypov, Zhamsaran"]
[Result "0-1"]
[ECO "C48"]
[WhiteElo "2146"]
[BlackElo "2526"]
[Annotator "ChessBase"]
[PlyCount "110"]
[EventDate "2021.10.11"]
[EventType "blitz"]
[EventCountry "RUS"]
[SourceTitle "playchess.com"]
[Source "ChessBase"]
[SourceQuality "1"]
[TimeControl "180+2"]

1. e4 e5 2. Nc3 Nc6 3. Nf3 Nf6 4. Bb5 Nd4 5. a4 c6 6. Be2 Nxe2 7. Qxe2 d6 8. h3 Be7 9. O-O O-O 10. d3 h6 11. Bd2 Re8 12. Nh2 Bf8 13.
f4 exf4 14. Bxf4 d5 15. e5 Qb6+ 16. Kh1 Qxb2 17. Bd2 Qb6 18.
Rae1 Nh7 19. Qf3 Be6 20. Ng4 Qd8 21. Qf4 Be7 22. Qf3 Bg5 23.
Bxg5 Qxg5 24. Ne2 Qh4 25. Nd4 Ng5 26. Qf4 Bxg4 27. Qxg4 Qxg4 28. hxg4 g6 29. Nf3 Ne6 30. Nh4 c5 31. Rf6 Re7 32. Ref1 Rae8 33. c3 Ng5 34. d4 cxd4 35. cxd4 Ne6 36. Rd1 Rc7 37. Kh2 Ree7 38. Nf3 Rc4 39. a5 Ra4 40. Rc1 Nxd4 41. Rc8+ Kg7 42. Rd6 Nxf3+ 43. gxf3 Rxe5 44. Rd7 Rf4 45. Kg3 g5 46. Rcc7 Re3 47. Rxb7 Rexf3+ 48. Kg2 a6 49. Rxd5 Ra3 50. Ra7 Rxg4+ 51. Kf2 Rf4+ 52. Ke2 g4 53. Rxa6 g3 54. Rd1 Rf2+ 55. Ke1 Re3# 0-1

[Event "RUS-ch Blitz 2021"]
[Site "Sochi"]
[Date "2021.10.11"]
[Round "1.7"]
[White "Sakaev, Konstantin"]
[Black "Romanov, Kirill"]
[Result "1/2-1/2"]
[ECO "A65"]
[WhiteElo "2603"]
[BlackElo "2023"]
[Annotator "ChessBase"]
[PlyCount "50"]
[EventDate "2021.10.11"]
[EventType "blitz"]
[EventCountry "RUS"]
[SourceTitle "playchess.com"]
[Source "ChessBase"]
[SourceQuality "1"]
[TimeControl "180+2"]

1. d4 Nf6 2. c4 c5 3. d5 e6 4. Nc3 exd5 5. cxd5 d6 6. e4 g6 7. Be2 Bg7 8. Be3 O-O 9. Nf3 Bg4 10. Nd2 Bxe2 11. Qxe2 Re8 12. O-O Nbd7 13. h3 a6 14. a4 Nh5 15. g4 Nhf6 16. Bf4 Ne5 17. Bg3 h5 18. g5 Nh7 19. f4 Nd7 20.
Qf3 Rb8 21. Nc4 Qe7 22. a5 b5 23. axb6 Nxb6 24. Na5 Qxe4 25. Qxe4 Rxe4 1/2-1/2

[Event "RUS-ch Blitz 2021"]
[Site "Sochi"]
[Date "2021.10.11"]
[Round "1.9"]
[White "Alekseev, Evgeny"]
[Black "Nezamyatin, Ruslan"]
[Result "1-0"]
[ECO "C01"]
[WhiteElo "2602"]
[BlackElo "2070"]
[Annotator "ChessBase"]
[PlyCount "75"]
[EventDate "2021.10.11"]
[EventType "blitz"]
[EventCountry "RUS"]
[SourceTitle "playchess.com"]
[Source "ChessBase"]
[SourceQuality "1"]
[TimeControl "180+2"]

1. e4 e6 2. d4 d5 3. Bd3 c5 4. exd5 exd5 5. Nf3 c4 6. Be2 Nf6 7. O-O Bd6 8. b3 cxb3 9. axb3 O-O 10. Bg5 h6 11. Bh4 Nc6 12. c3 Be6 13.
Nbd2 Rc8 14. Bd3 a6 15. Re1 Nb8 16. c4 Be7 17. Rc1 Nc6 18.
c5 Nd7 19. Bxe7 Nxe7 20. b4 Nf6 21. Qb3 Nc6 22. b5 axb5 23.
Qxb5 Rb8 24. Rb1 Qa5 25. Qxa5 Nxa5 26. Rb5 Nc4 27. Rb4 Nxd2 28. Nxd2 Rfe8 29. Reb1 Bc8 30. c6 b6 31. Rxb6 Rxb6 32. Rxb6 Ne4 33. Bxe4 dxe4 34. d5 Rd8 35. Rb8 Kf8 36. Nc4 Ke7 37. d6+ Ke6 38. d7 1-0

[Event "RUS-ch Blitz 2021"]
[Site "Sochi"]
[Date "2021.10.11"]
[Round "1.10"]
[White "Mochalov, Dmitriy"]
[Black "Timofeev, Artyom"]
[Result "0-1"]
[ECO "B08"]
[WhiteElo "1798"]
[BlackElo "2586"]
[Annotator "ChessBase"]
[PlyCount "70"]
[EventDate "2021.10.11"]
[EventType "blitz"]
[EventCountry "RUS"]
[SourceTitle "playchess.com"]
[Source "ChessBase"]
[SourceQuality "1"]
[TimeControl "180+2"]

1. e4 d6 2. d4 Nf6 3. Nc3 g6 4. Be2 Bg7 5. Be3 c6 6. h3 Nbd7 7. Nf3 Qc7 8. Qd2 b5 9. a3 O-O 10. O-O a6 11. Bh6 Bb7 12. Bxg7 Kxg7 13. Qe3 e5 14. Rad1 Rfe8 15. dxe5 dxe5 16. Rd2 Nf8 17. Rfd1 Ne6 18. Bf1 c5 19. Nd5 Bxd5 20. exd5 Nd4 21. c3 Nf5 22. Qe1 e4 23. d6 Nxd6 24. Rxd6 exf3 25. Qd2 Ne4 26. Qf4 Nxd6 27. Rxd6 Qe7 28. Rd1 fxg2 29. Bxg2 Rad8 30. Rxd8 Rxd8 31. h4 Qd6 32. Qe3 h5 33. b4 c4 34. Qa7 Qf6 35. Qe3 Rd3 0-1

[Event "RUS-ch Blitz 2021"]
[Site "Sochi"]
[Date "2021.10.11"]
[Round "1.11"]
[White "Kobalia, Mikhail"]
[Black "Palin, Denis"]
[Result "1-0"]
[ECO "C00"]
[WhiteElo "2600"]
[BlackElo "2110"]
[Annotator "ChessBase"]
[PlyCount "48"]
[EventDate "2021.10.11"]
[EventType "blitz"]
[EventCountry "RUS"]
[SourceTitle "playchess.com"]
[Source "ChessBase"]
[SourceQuality "1"]
[TimeControl "180+2"]

1. e4 e6 2. d3 d5 3. Nd2 Nf6 4. Ngf3 Bc5 5. c3 b6 6. e5 Nfd7 7. d4 Be7 8.
Bd3 c5 9. Nf1 Ba6 10. Ng3 Bxd3 11. Qxd3 O-O 12. h4 Nc6 13. Ng5 g6 14. Nxh7 Kxh7 15. h5 Rh8 16. hxg6+ Kg7 17. Nh5+ Kg8 18. g7 Rh7 19. Bd2 cxd4 20. cxd4 Nb4 21. Bxb4 Bxb4+ 22. Ke2 Rc8 23. Nf6+ Nxf6 24. exf6 Rh2 1-0

[Event "RUS-ch Blitz 2021"]
[Site "Sochi"]
[Date "2021.10.11"]
[Round "1.12"]
[White "Koshulyan, Egor A."]
[Black "Kokarev, Dmitry"]
[Result "0-1"]
[ECO "B53"]
[WhiteElo "2002"]
[BlackElo "2579"]
[Annotator "ChessBase"]
[PlyCount "92"]
[EventDate "2021.10.11"]
[EventType "blitz"]
[EventCountry "RUS"]
[SourceTitle "playchess.com"]
[Source "ChessBase"]
[SourceQuality "1"]
[TimeControl "180+2"]

1. e4 c5 2. Nf3 d6 3. d4 Nf6 4. Nc3 cxd4 5. Qxd4 Nc6 6. Bb5 Bd7 7. Bxc6 Bxc6 8. Bg5 e6 9. O-O-O Be7 10. Qd3 Qa5 11. h4 h6 12. Bd2 Qa6 13.
Qxa6 bxa6 14. Rhe1 e5 15. Nh2 O-O 16. Re2 Rfc8 17. Nf1 Kf8 18.
f3 Bb7 19. Ne3 Nh5 20. Be1 g6 21. Red2 a5 22. Ncd5 Bd8 23. Nc3 Bb6 24. Bf2 Bc5 25. Ncd5 a4 26. a3 Rab8 27. g3 Bd4 28. c3 Bxd5 29. Nxd5 Bxf2 30. Rxf2 Nxg3 31. Ne3 Rc6 32. Rfd2 Ke7 33. Nd5+ Ke6 34. Nb4 Rcb6 35. Nd5 R6b7 36. Nb4 Rd7 37. Nc6 Rc8 38. Nb4 Nh5 39. Rd5 Rc5 40. Na6 Rxd5 41. Rxd5 f5 42. Nb4 fxe4 43. fxe4 Nf6 44. Ra5 Nxe4 45. Rxa4 Nc5 46. Ra5 Nb3+ 0-1

[Event "RUS-ch Blitz 2021"]
[Site "Sochi"]
[Date "2021.10.11"]
[Round "1.13"]
[White "Iljiushenok, Ilia"]
[Black "Pervakov, Sergey"]
[Result "1-0"]
[ECO "B04"]
[WhiteElo "2554"]
[BlackElo "2052"]
[Annotator "ChessBase"]
[PlyCount "51"]
[EventDate "2021.10.11"]
[EventType "blitz"]
[EventCountry "RUS"]
[SourceTitle "playchess.com"]
[Source "ChessBase"]
[SourceQuality "1"]
[TimeControl "180+2"]

1. e4 Nf6 2. e5 Nd5 3. d4 Nb6 4. Nf3 d6 5. h3 g6 6. Bd3 Bg7 7. O-O O-O 8. Qe2 Nc6 9. c3 Bd7 10. Bf4 Qc8 11. Nbd2 Bf5 12. Ne4 dxe5 13. dxe5 Nd5 14. Bg3 h6 15. Rad1 Rd8 16. Rfe1 e6 17. Bb1 Nce7 18. c4 Nb6 19. b3 Rxd1 20. Rxd1 Qe8 21. Nf6+ Bxf6 22. exf6 Bxb1 23. fxe7 Bf5 24. Bxc7 Qxe7 25. Bd6 Qe8 26. g4 1-0

[Event "RUS-ch Blitz 2021"]
[Site "Sochi"]
[Date "2021.10.11"]
[Round "1.14"]
[White "Averin, Nikolay"]
[Black "Pridorozhni, Aleksei"]
[Result "0-1"]
[ECO "B45"]
[WhiteElo "2129"]
[BlackElo "2564"]
[Annotator "ChessBase"]
[PlyCount "70"]
[EventDate "2021.10.11"]
[EventType "blitz"]
[EventCountry "RUS"]
[SourceTitle "playchess.com"]
[Source "ChessBase"]
[SourceQuality "1"]
[TimeControl "180+2"]

1. e4 c5 2. Nf3 e6 3. d4 cxd4 4. Nxd4 Nf6 5. Nc3 Nc6 6. Ndb5 Bc5 7. Bf4 O-O 8. Bc7 Qe7 9. Bd6 Bxd6 10. Qxd6 Qd8 11. Nc7 Rb8 12. Be2 b5 13. e5 Ne8 14. Nxe8 Rxe8 15. f4 Qb6 16. Qd2 Bb7 17. O-O-O Red8 18. Bf3 Na5 19. Bxb7 Rxb7 20. Qd4 Qc7 21. Ne4 Nc4 22. Kb1 Rb6 23. Qc3 Rc6 24. Qg3 d5 25. Nf6+ Kh8 26. Nh5 Rg8 27. c3 a5 28. Rd4 b4 29. Rc1 bxc3 30. Rxc3 Qb6 31. Rdxc4 Rxc4 32. Rxc4 dxc4 33. Qe1 Rb8 34. Qc1 Qd4 35. Ka1 Ra8 0-1

[Event "RUS-ch Blitz 2021"]
[Site "Sochi"]
[Date "2021.10.11"]
[Round "1.15"]
[White "Antipov, Mikhail Al."]
[Black "Parfenov, Viktor N."]
[Result "1-0"]
[ECO "C50"]
[WhiteElo "2619"]
[BlackElo "2204"]
[Annotator "ChessBase"]
[PlyCount "59"]
[EventDate "2021.10.11"]
[EventType "blitz"]
[EventCountry "RUS"]
[SourceTitle "playchess.com"]
[Source "ChessBase"]
[SourceQuality "1"]
[TimeControl "180+2"]

1. e4 e5 2. Nf3 Nc6 3. Bc4 Nf6 4. d3 Bc5 5. O-O O-O 6. Nbd2 d5 7. exd5 Nxd5 8. Ne4 Be7 9. Nfg5 Bf5 10. c3 Qd7 11. Qf3 Nb6 12. Bb3 Bg6 13.
h4 Bxg5 14. Bxg5 Kh8 15. h5 Bxe4 16. dxe4 f6 17. Be3 Qe7 18. h6 Na5 19. hxg7+ Qxg7 20. Be6 Nac4 21. Bc5 Rfd8 22. Bf5 Nd6 23. Bxd6 Rxd6 24. g3 Nc4 25. Qe2 b5 26. Kg2 Rd2 27. Qf3 Qg5 28. Rae1 Kg7 29. Rh1 Rh8 30. Rh5 1-0

[Event "RUS-ch Blitz 2021"]
[Site "Sochi"]
[Date "2021.10.11"]
[Round "1.16"]
[White "Kolchin, Maxim"]
[Black "Afanasiev, Nikita"]
[Result "0-1"]
[ECO "A49"]
[WhiteElo "1949"]
[BlackElo "2560"]
[Annotator "ChessBase"]
[PlyCount "50"]
[EventDate "2021.10.11"]
[EventType "blitz"]
[EventCountry "RUS"]
[SourceTitle "playchess.com"]
[Source "ChessBase"]
[SourceQuality "1"]
[TimeControl "180+2"]

1. d4 Nf6 2. Nf3 g6 3. g3 Bg7 4. Bg2 O-O 5. O-O c5 6. c3 Qb6 7. Nbd2 d5 8. e3 Nc6 9. Nb3 c4 10. Nbd2 Bf5 11. Ne5 e6 12. Re1 Nxe5 13. dxe5 Ng4 14. h3 Nxe5 15. e4 Nd3 16. Rf1 Bxe4 17. Nxe4 dxe4 18. Be3 Qc6 19. Qc2 f5 20. f3 exf3 21. Bxf3 Qc7 22. Qg2 Rad8 23. Bxb7 Rb8 24. Bc6 Rxb2 25. Qf3 Ne5 0-1

[Event "RUS-ch Blitz 2021"]
[Site "Sochi"]
[Date "2021.10.11"]
[Round "1.17"]
[White "Kezin, Roman"]
[Black "Barsamian, Eduard"]
[Result "1-0"]
[ECO "E61"]
[WhiteElo "2492"]
[BlackElo "2232"]
[Annotator "ChessBase"]
[PlyCount "67"]
[EventDate "2021.10.11"]
[EventType "blitz"]
[EventCountry "RUS"]
[SourceTitle "playchess.com"]
[Source "ChessBase"]
[SourceQuality "1"]
[TimeControl "180+2"]

1. d4 Nf6 2. c4 g6 3. Nc3 Bg7 4. Nf3 O-O 5. Bg5 d6 6. e3 Nbd7 7. Be2 b6 8. O-O Bb7 9. Qc2 h6 10. Bh4 e5 11. Rfd1 Qe7 12. dxe5 Nxe5 13. Nd5 Bxd5 14. cxd5 Nxf3+ 15. Bxf3 g5 16. Bg3 h5 17. h3 g4 18. hxg4 hxg4 19. Be2 Nh5 20. Bh2 g3 21. Bxh5 gxh2+ 22. Kh1 Qe5 23. Be2 Qxb2 24. Rac1 Qf6 25. Bf3 Rae8 26. Qxc7 Re5 27. Qc4 Rf5 28. Qe2 Re8 29. Rc6 Qe7 30. Rdc1 Be5 31. Be4 Rg5 32. f4 Bg7 33. fxg5 Qxe4 34. Rc8 1-0

[Event "RUS-ch Blitz 2021"]
[Site "Sochi"]
[Date "2021.10.11"]
[Round "1.18"]
[White "Onischenko, Leonid"]
[Black "Rozum, Ivan"]
[Result "0-1"]
[ECO "B08"]
[WhiteElo "1946"]
[BlackElo "2529"]
[Annotator "ChessBase"]
[PlyCount "118"]
[EventDate "2021.10.11"]
[EventType "blitz"]
[EventCountry "RUS"]
[SourceTitle "playchess.com"]
[Source "ChessBase"]
[SourceQuality "1"]
[TimeControl "180+2"]

1. d4 Nf6 2. Bf4 g6 3. Nc3 Bg7 4. e4 d6 5. Qd2 c6 6. Nf3 O-O 7. Bh6 b5 8. a3 Bg4 9. Be2 Nbd7 10. e5 dxe5 11. dxe5 Ne8 12. Bxg7 Nxg7 13. Qf4 Bxf3 14. Bxf3 Ne6 15. Qg3 Qc7 16. O-O Nxe5 17. Be4 Rad8 18. Rad1 a6 19. h4 Nc4 20. Qxc7 Nxc7 21. Bxc6 Nxb2 22. Rb1 Nc4 23. Ra1 Rd4 24. h5 Ne5 25. Be4 Rc4 26. Nd5 Nxd5 27. Bxd5 Rc5 28. Bb3 gxh5 29. a4 b4 30. Rfe1 e6 31. Rad1 a5 32. Rd6 Kg7 33. Re3 Rfc8 34. Ra6 R8c7 35. Rg3+ Ng6 36. Rd3 h4 37. Rd4 Re5 38. f3 Rg5 39. Kf2 Rcc5 40. Ra7 Kf6 41. Rdd7 Ne5 42. Rdb7 Rf5 43. Ke2 h3 44. gxh3 Rxf3 45. Rxf7+ Nxf7 46. Kxf3 h6 47. Ra6 Ne5+ 48. Ke4 Nc6 49. Kf3 Nd4+ 50. Kg4 h5+ 51. Kf4 h4 52. Kg4 Nxb3 53. cxb3 Ke5 54. Kxh4 Kd5 55. Kg5 e5 56. h4 e4 57. h5 e3 58. Ra8 Ke4+ 59. Kg4 e2 0-1

[Event "RUS-ch Blitz 2021"]
[Site "Sochi"]
[Date "2021.10.11"]
[Round "1.19"]
[White "Popov, Valerij"]
[Black "Muromtsev, Arthur"]
[Result "1-0"]
[ECO "E90"]
[WhiteElo "2537"]
[BlackElo "2115"]
[Annotator "ChessBase"]
[PlyCount "45"]
[EventDate "2021.10.11"]
[EventType "blitz"]
[EventCountry "RUS"]
[SourceTitle "playchess.com"]
[Source "ChessBase"]
[SourceQuality "1"]
[TimeControl "180+2"]

1. d4 Nf6 2. c4 c5 3. d5 g6 4. Nc3 Bg7 5. e4 d6 6. h3 O-O 7. Nf3 e6 8. Bd3 Na6 9. O-O e5 10. Bg5 h6 11. Be3 Nh7 12. Qd2 f5 13. Bxh6 f4 14. Bxg7 Kxg7 15.
Be2 Ng5 16. Nh2 Nxh3+ 17. gxh3 Bxh3 18. Bg4 Bxg4 19. Nxg4 f3 20. Qh6+ Kf7 21. Qh7+ Ke8 22. Nb5 Rc8 23. Qxg6+ 1-0

[Event "RUS-ch Blitz 2021"]
[Site "Sochi"]
[Date "2021.10.11"]
[Round "1.21"]
[White "Petrov, Nikita"]
[Black "Lebzak, Yaroslav"]
[Result "1-0"]
[ECO "A11"]
[WhiteElo "2539"]
[BlackElo "2050"]
[Annotator "ChessBase"]
[PlyCount "117"]
[EventDate "2021.10.11"]
[EventType "blitz"]
[EventCountry "RUS"]
[SourceTitle "playchess.com"]
[Source "ChessBase"]
[SourceQuality "1"]
[TimeControl "180+2"]

1. Nf3 d5 2. g3 Bg4 3. Bg2 Nd7 4. c4 c6 5. Qb3 Qb6 6. d3 e6 7. Be3 Bc5 8. Bxc5 Nxc5 9. Qc2 Nf6 10. Nbd2 Ncd7 11. O-O O-O 12. h3 Bxf3 13. Bxf3 e5 14. e3 Rfe8 15. Bg2 Rad8 16. Rac1 Qa6 17. a3 dxc4 18. Nxc4 Nc5 19. Rfd1 Qa4 20. Qxa4 Nxa4 21. b4 g6 22. Kf1 Kg7 23. Ke2 Nb6 24. Na5 Re7 25. Bxc6 bxc6 26. Nxc6 Rdd7 27. Nxe7 Rxe7 28. Rc5 Na4 29. Rc2 Nd5 30. Rdc1 Nab6 31. Rc5 f5 32. Ra5 f4 33. Rcc5 fxg3 34. fxg3 Rd7 35. Rc6 Kf7 36. e4 Ne7 37. Rcc5 h6 38.
h4 h5 39. Rab5 Ng8 40. Rxe5 Nf6 41. Rec5 Kg7 42. Ra5 Ng4 43. Rc6 Rf7 44. Rg5 Rf2+ 45. Ke1 Ra2 46. Rcxg6+ Kf7 47. Rg7+ Kf8 48. Rxa7 Ne3 49. Rc5 Ng2+ 50. Kd1 Ne3+ 51. Kc1 Rg2 52. a4 Rg1+ 53. Kb2 Rg2+ 54. Kb3 Nd1 55. a5 Rb2+ 56. Ka3 Rb1 57. axb6 Ra1+ 58. Kb3 Rb1+ 59. Kc2 1-0

[Event "RUS-ch Blitz 2021"]
[Site "Sochi"]
[Date "2021.10.11"]
[Round "1.22"]
[White "Safin, Timur"]
[Black "Zakhartsov, Vladimir"]
[Result "0-1"]
[ECO "D58"]
[WhiteElo "2170"]
[BlackElo "2514"]
[Annotator "ChessBase"]
[PlyCount "94"]
[EventDate "2021.10.11"]
[EventType "blitz"]
[EventCountry "RUS"]
[SourceTitle "playchess.com"]
[Source "ChessBase"]
[SourceQuality "1"]
[TimeControl "180+2"]

1. d4 Nf6 2. c4 c5 3. e3 cxd4 4. exd4 d5 5. Nc3 Nc6 6. Nf3 e6 7. Bg5 Be7 8. Bd3 dxc4 9. Bxc4 O-O 10. O-O h6 11. Bh4 b6 12. Re1 Bb7 13.
a3 Rc8 14. Ba2 Nd5 15. Bg3 Nxc3 16. bxc3 Bf6 17. Qd3 g6 18. Bf4 Bg7 19. Rad1 Qd7 20. Qe3 Kh7 21. d5 exd5 22. Rxd5 Qe6 23. Qd2 Qf6 24. Ne5 Nxe5 25. Bxe5 Qc6 26. Bxg7 Kxg7 27. c4 Rfe8 28. Rd1 Re7 29. Qd4+ Qf6 30. Qxf6+ Kxf6 31. Rd6+ Kg7 32. f3 Rcc7 33. Kf2 Bc8 34. a4 Be6 35. R1d4 Rc5 36. Rd8 Rec7 37. Ra8 Ra5 38. Bb3 Bd7 39. c5 bxc5 40. Rf4 Be6 41. Bxe6 fxe6 42. Re8 c4 43. Rxe6 c3 44. Re1 Rd5 45. Rc1 Rd2+ 46. Kg3 c2 47. Re4 Rd1 0-1

[Event "RUS-ch Blitz 2021"]
[Site "Sochi"]
[Date "2021.10.11"]
[Round "1.23"]
[White "Bocharov, Dmitry"]
[Black "Khmelev, Mikhail"]
[Result "1-0"]
[ECO "E11"]
[WhiteElo "2517"]
[BlackElo "1908"]
[Annotator "ChessBase"]
[PlyCount "74"]
[EventDate "2021.10.11"]
[EventType "blitz"]
[EventCountry "RUS"]
[SourceTitle "playchess.com"]
[Source "ChessBase"]
[SourceQuality "1"]
[TimeControl "180+2"]

1. d4 Nf6 2. c4 e6 3. Nf3 Bb4+ 4. Bd2 Qe7 5. g3 O-O 6. Bg2 Bxd2+ 7. Qxd2 d6 8. O-O e5 9. Nc3 Bg4 10. h3 Bh5 11. Nh4 c6 12. d5 c5 13. f4 exf4 14. Nf5 Qe5 15. Qxf4 Qxf4 16. gxf4 Rd8 17. e4 a6 18. e5 Ne8 19. Rae1 Nd7 20. Ng3 g6 21. Nxh5 gxh5 22. Kh2 b5 23. Bf3 Ng7 24. Ne4 dxe5 25. fxe5 bxc4 26. Rg1 Kh8 27. Ng5 Rf8 28. d6 Rab8 29. Bd5 Ne6 30. Nxe6 Rxb2+ 31. Rg2 Rxg2+ 32. Kxg2 fxe6 33. Bxe6 Nb6 34. Rb1 Na4 35. Bxc4 Nc3 36. Rb7 Ne4 37. d7 Rg8+ 1-0

[Event "RUS-ch Blitz 2021"]
[Site "Sochi"]
[Date "2021.10.11"]
[Round "1.24"]
[White "Erastov, Semen"]
[Black "Demidov, Mikhail"]
[Result "0-1"]
[ECO "E62"]
[WhiteElo "2039"]
[BlackElo "2551"]
[Annotator "ChessBase"]
[PlyCount "142"]
[EventDate "2021.10.11"]
[EventType "blitz"]
[EventCountry "RUS"]
[SourceTitle "playchess.com"]
[Source "ChessBase"]
[SourceQuality "1"]
[TimeControl "180+2"]

1. d4 g6 2. Nf3 Bg7 3. c4 d6 4. Nc3 Bg4 5. g3 Nc6 6. Bg2 Nf6 7. O-O O-O 8. d5 Nb8 9. e4 c6 10. h3 Bxf3 11. Bxf3 Nfd7 12. Be3 a5 13. Bd4 Na6 14. Bxg7 Kxg7 15. a3 Qb6 16. Na4 Qc7 17. Rb1 Rfc8 18. Be2 Kg8 19. Qd4 Nac5 20. Nxc5 Nxc5 21. b4 axb4 22. axb4 Nd7 23. Rfc1 c5 24. Qb2 cxb4 25. Bg4 Ra4 26. Qc2 b5 27. Bxd7 Qxd7 28. Qb3 bxc4 29. Rxc4 Rxc4 30. Qxc4 b3 31. Qd3 Rb4 32. Rxb3 Rxb3 33. Qxb3 Qxh3 34. Qb7 Kf8 35. Qb8+ Kg7 36. Qb7 e6 37. dxe6 Qxe6 38. Qb2+ Qe5 39. Qc2 h5 40. Kg2 Qf6 41. Qd3 Qe6 42. Qd4+ Kg8 43. Qb4 Qe7 44. Qb8+ Kh7 45. Qb4 Qe6 46. Qd4 Qe5 47. Qc4 Kg7 48. Qd3 Kf8 49. Qc4 Kg8 50. Qc8+ Kg7 51. Qc4 Qf6 52. Qd5 Qe6 53. Qd4+ Qe5 54. Qc4 Qc5 55. Qd3 Kf6 56. Qf3+ Ke7 57. Qd3 Qg5 58. Qd4 h4 59. Qa7+ Ke6 60. Qa2+ Kf6 61. Qb2+ Qe5 62. Qe2 hxg3 63. fxg3 Kg7 64. Qd3 Kf6 65. Kf3 Ke7 66. Qc4 Qc5 67. Qa4 Qc3+ 68. Kf4 Kf6 69. Kg4 Qd3 70. Qb4 Qe2+ 71. Kf4 g5# 0-1

[Event "RUS-ch Blitz 2021"]
[Site "Sochi"]
[Date "2021.10.11"]
[Round "2.2"]
[White "Dreev, Aleksey"]
[Black "Goltsev, Dmitry"]
[Result "1-0"]
[ECO "E12"]
[WhiteElo "2635"]
[BlackElo "2282"]
[Annotator "ChessBase"]
[PlyCount "53"]
[EventDate "2021.10.11"]
[EventType "blitz"]
[EventCountry "RUS"]
[SourceTitle "playchess.com"]
[Source "ChessBase"]
[SourceQuality "1"]
[TimeControl "180+2"]

1. d4 Nf6 2. Nf3 e6 3. c4 b6 4. a3 Bb7 5. Nc3 Be7 6. d5 d6 7. e4 e5 8. Bd3 O-O 9. O-O a5 10. Be3 Na6 11. Bc2 g6 12. Rb1 Nh5 13.
b4 axb4 14. axb4 Bc8 15. h3 Ng7 16. Bh6 f5 17. Qd2 f4 18.
Ra1 Bb7 19. Nb5 g5 20. Bd1 Kf7 21. Nh2 Kg6 22. Ng4 Bc8 23. Ra3 Bxg4 24. Bxg7 Kxg7 25. Bxg4 Qe8 26. Rfa1 h5 27. Be6 1-0

[Event "RUS-ch Blitz 2021"]
[Site "Sochi"]
[Date "2021.10.11"]
[Round "2.3"]
[White "Faizrakhmanov, Ramil"]
[Black "Sarana, Alexey"]
[Result "0-1"]
[ECO "D37"]
[WhiteElo "2483"]
[BlackElo "2649"]
[Annotator "ChessBase"]
[PlyCount "96"]
[EventDate "2021.10.11"]
[EventType "blitz"]
[EventCountry "RUS"]
[SourceTitle "playchess.com"]
[Source "ChessBase"]
[SourceQuality "1"]
[TimeControl "180+2"]

1. d4 Nf6 2. c4 e6 3. Nf3 d5 4. Nc3 Nbd7 5. Bf4 dxc4 6. e3 Bd6 7. Bxd6 cxd6 8. Bxc4 a6 9. a4 O-O 10. O-O b6 11. Qb3 Bb7 12. Be2 Qe7 13.
Rac1 Rfb8 14. Rc2 Nf8 15. Rfc1 Ng6 16. h3 Qd8 17. Nd2 Nh4 18.
g3 Ng6 19. Bf3 b5 20. axb5 axb5 21. Bxb7 Rxb7 22. Nde4 b4 23.
Nxf6+ gxf6 24. Ne4 f5 25. Nd2 Ne7 26. Rc4 Qa5 27. Qd3 Qd5 28.
e4 fxe4 29. Nxe4 Kg7 30. Qf3 Qf5 31. Qxf5 Nxf5 32. Rc7 Raa7 33. Rxb7 Rxb7 34. Kg2 d5 35. Nc5 Ra7 36. Nb3 Ra2 37. Rc2 h5 38. g4 hxg4 39. hxg4 Nd6 40. Nd2 Nb5 41. Nf3 b3 42. Rc5 Nd6 43. Ne5 Rxb2 44. Rc7 Rc2 45. Rxc2 bxc2 46. Nd3 Nb5 47. Kf3 Nxd4+ 48. Ke3 Nb3 0-1